 Dungeon Crawl Stone Soup version 0.25.0-10-g039870ee82 (webtiles) character file.

Game seed: 3602307411739840592

8416 Lekan the Blocker (level 11, -1/89 HPs)
             Began as a Gnoll Fighter on June 23, 2020.
             Was an Elder of Cheibriados.
             Slain by a blink frog (3 damage)
             ... on level 1 of the Lair of Beasts.
             The game lasted 00:52:46 (10740 turns).

Lekan the Blocker (Gnoll Fighter)                  Turns: 10740, Time: 00:52:47

Health: -1/89      AC: 11    Str: 35    XL:     11   Next: 30%
Magic:  20/20      EV: 13    Int: 18    God:    Cheibriados [****..]
Gold:   355        SH: 19    Dex: 25    Spells: 22/22 levels left

rFire    . . .     SeeInvis .   D - +3 mace (freeze)
rCold    . . .     Gourm    .   c - +0 kite shield
rNeg     . . .     Faith    .   a - +0 chain mail of the Dwarven Hall {Str+5 Int-4} (curse)
rPois    .         Spirit   .   (no helmet)
rElec    .         Reflect  +   (no cloak)
rCorr    .         Harm     .   (no gloves)
MR       +....                  (no boots)
Stlth    +.........             A - amulet of reflection
HPRegen  0.24/turn              n - ring of flight
MPRegen  0.17/turn              K - ring of protection from magic

@: very slow
A: distributed training, fangs 1, strong nose
a: Bend Time, Temporal Distortion, Slouch, Renounce Religion, Evoke Flight


You were on level 1 of the Lair of Beasts.
You worshipped Cheibriados.
Cheibriados was greatly pleased with you.
You were hungry.

You visited 3 branches of the dungeon, and saw 11 of its levels.

You collected 355 gold pieces.

Inventory:

Hand Weapons
 B - a +4 scimitar
 D - a +3 mace of freezing (weapon)
Missiles
 i - 67 poisoned darts (quivered)
 w - 4 boomerangs
Armour
 a - the cursed +0 chain mail of the Dwarven Hall (worn) {Str+5 Int-4}
   (You found it on level 9 of the Dungeon)

   It affects your strength (+5).
   It affects your intelligence (-4).
   It has a curse placed upon it.
 b - a +0 scale mail
 c - a +0 kite shield (worn)
 l - a +0 chain mail
 y - a +0 buckler
 C - a +0 chain mail
Jewellery
 n - a ring of flight (left hand)
 A - an amulet of reflection (around neck)
 K - a ring of protection from magic (right hand)
Wands
 j - a wand of paralysis (10)
Scrolls
 h - a scroll of immolation
 m - 4 scrolls of remove curse
 o - 2 scrolls of amnesia
 q - 2 scrolls of magic mapping
 s - a scroll of random uselessness
 u - a scroll of noise
 x - a scroll of teleportation
 F - a scroll of enchant armour
 I - a scroll of identify
Potions
 d - 5 potions of might
 e - 3 potions of brilliance {unknown}
 k - a potion of resistance {unknown}
 p - 2 potions of invisibility
 t - 3 potions of degeneration {unknown}
 v - a potion of lignification {unknown}
 z - 3 potions of ambrosia {unknown}
 E - 3 potions of flight {unknown}
 G - a potion of berserk rage
 H - a potion of stabbing {unknown}
Miscellaneous
 r - a box of beasts
Comestibles
 f - 27 rations


   Skills:
 + Level 9.0 Fighting
 + Level 6.0 Short Blades
 + Level 6.0 Long Blades
 + Level 7.7 Axes
 + Level 6.0 Maces & Flails
 + Level 6.0 Polearms
 + Level 6.0 Staves
 + Level 6.0 Slings
 + Level 6.0 Bows
 + Level 6.0 Crossbows
 + Level 6.0 Throwing
 + Level 9.0 Armour
 + Level 6.0 Dodging
 + Level 6.0 Stealth
 + Level 9.0 Shields
 + Level 6.0 Unarmed Combat
 + Level 6.0 Spellcasting
 + Level 5.0 Conjurations
 + Level 5.0 Hexes
 + Level 5.0 Charms
 + Level 5.0 Summonings
 + Level 5.0 Necromancy
 + Level 5.0 Translocations
 + Level 5.0 Transmutations
 + Level 5.0 Fire Magic
 + Level 5.0 Ice Magic
 + Level 5.0 Air Magic
 + Level 5.0 Earth Magic
 + Level 5.0 Poison Magic
 + Level 6.6 Invocations
 + Level 6.0 Evocations


You had 22 spell levels left.
You didn't know any spells.
Your spell library contained the following spells:

 Spells                   Type           Power        Failure   Level  Hunger
 Animate Skeleton         Necr           N/A          11%         1    None
 Call Imp                 Summ           ###.....     17%         2    None
 Aura of Abjuration       Summ           ###.......   97%         5    #####..
 Hydra Form               Tmut           ###.......   100%        6    #######
 Dragon Form              Tmut           ###.......   100%        7    #######


Dungeon Overview and Level Annotations

Branches:
Dungeon (9/15)             Temple (1/1) D:4            Lair (1/6) D:9
    Orc: D:9-12

Altars:
Ashenzari
Cheibriados
Dithmenos
Elyvilon
Fedhas
Gozag
Hepliaklqana
Kikubaaqudgha
Makhleb
Nemelex Xobeh
Okawaru
Qazlal
Ru
Sif Muna
Trog
Uskayaw
Vehumet
Wu Jian
Xom
Yredelemnul
Zin
The Shining One


Innate Abilities, Weirdness & Mutations

Your experience applies equally to all skills.
You have very sharp teeth.
Your uncanny sense of smell can sniff out nearby items.


Message History

You hit the yak. You freeze the yak. Your bite misses the yak.
The yak is severely wounded.
You block the yak's attack.
The blink frog blinks!
The blink frog hits you but does no damage.
You hit the blink frog.
The blink frog seems to slow down.
You freeze the blink frog.
The blink frog is moderately wounded.
The yak completely misses you. The blink frog hits you.
The blink frog blinks!
The blink frog hits you!
* * * LOW HITPOINT WARNING * * *
You bludgeon the blink frog!! You freeze the blink frog.
The blink frog is almost dead.
The blink frog hits you.
* * * LOW HITPOINT WARNING * * *
The yak gores you!
* * * LOW HITPOINT WARNING * * *
The blink frog hits you.
* * * LOW HITPOINT WARNING * * *
The blink frog hits you.
You die...

###....##......#
..#
##...........#..#
...
#.......#.......#
##
##.......##......#
#..P.P.....#..##.#
#.........##..# .#
##.............. .
##....FF##......
###.##@# ......
###§Y# ... ##.# ..
..( ..... .......
F........
...........
.............


You could see a yak and 2 blink frogs.

Vanquished Creatures
  Nergalle (Lair:1)
  An ugly thing (D:9)
  A komodo dragon (D:9)
  Grinder (D:6)
  6 blink frogs
  2 hippogriffs
  3 yaks (Lair:1)
  A hungry ghost (D:9)
  Edmund (D:4)
  4 water moccasins
  2 sky beasts (D:9)
  An orc warrior (D:8)
  2 ice beasts
  A black bear (D:7)
  An ogre (D:6)
  3 phantoms
  6 centaurs
  4 crocodiles
  2 bullfrogs
  A wyvern skeleton (D:7)
  6 scorpions
  18 killer bees
  9 wights (D:6)
  2 howler monkeys
  5 crimson imps
  A centaur zombie (D:6)
  A quasit (D:6)
  5 orc priests
  4 hounds
  3 orc wizards
  5 worker ants
  A killer bee zombie (D:9)
  2 hound zombies (D:3)
  A hound skeleton (D:7)
  A howler monkey zombie (D:5)
  4 gnolls (D:4)
  10 adders
  3 shadow imps
  An ooze (D:3)
  3 adder zombies
  3 worms
  3 adder skeletons
  A dart slug (D:1)
  7 leopard geckos
  24 orcs
  3 ball pythons
  5 bats
  6 giant cockroaches
  9 goblins
  10 hobgoblins
  11 jackals
  5 kobolds
  4 quokkas
  8 frilled lizards
  A giant cockroach zombie (D:3)
  A jackal skeleton (D:3)
  A leopard gecko skeleton (D:3)
  A quokka skeleton (D:9)
  2 quokka zombies
  17 rats
251 creatures vanquished.

Vanquished Creatures (others)
  A human (D:2)
1 creature vanquished.

Grand Total: 252 creatures vanquished

Notes
Turn   | Place    | Note
-------+----------+-------------------------------------------
     0 | D:1      | Lekan the Gnoll Fighter began the quest for the Orb.
     0 | D:1      | Reached XP level 1. HP: 23/23 MP: 1/1
    26 | D:1      | Reached XP level 2. HP: 29/29 MP: 2/2
   303 | D:1      | Reached XP level 3. HP: 35/35 MP: 3/3
   431 | D:1      | Reached skill level 1 in Invocations
   705 | D:2      | Reached skill level 1 in Short Blades
   705 | D:2      | Reached skill level 1 in Long Blades
   705 | D:2      | Reached skill level 1 in Maces & Flails
   705 | D:2      | Reached skill level 1 in Polearms
   705 | D:2      | Reached skill level 1 in Staves
   705 | D:2      | Reached skill level 1 in Slings
   705 | D:2      | Reached skill level 1 in Bows
   705 | D:2      | Reached skill level 1 in Crossbows
   705 | D:2      | Reached skill level 1 in Throwing
   705 | D:2      | Reached skill level 1 in Dodging
   705 | D:2      | Reached skill level 1 in Stealth
   705 | D:2      | Reached skill level 1 in Unarmed Combat
   705 | D:2      | Reached skill level 1 in Spellcasting
   705 | D:2      | Reached skill level 1 in Evocations
   705 | D:2      | Reached XP level 4. HP: 39/41 MP: 5/5
  1038 | D:2      | Found an ancient bone altar of Kikubaaqudgha.
  1038 | D:2      | Noticed a human
  1042 | D:2      | Killed a human
  1442 | D:3      | Reached skill level 1 in Conjurations
  1442 | D:3      | Reached skill level 1 in Hexes
  1442 | D:3      | Reached skill level 1 in Charms
  1442 | D:3      | Reached skill level 1 in Summonings
  1442 | D:3      | Reached skill level 1 in Necromancy
  1442 | D:3      | Reached skill level 1 in Translocations
  1442 | D:3      | Reached skill level 1 in Transmutations
  1442 | D:3      | Reached skill level 1 in Fire Magic
  1442 | D:3      | Reached skill level 1 in Ice Magic
  1442 | D:3      | Reached skill level 1 in Air Magic
  1442 | D:3      | Reached skill level 1 in Earth Magic
  1442 | D:3      | Reached skill level 1 in Poison Magic
  1535 | D:3      | Reached XP level 5. HP: 47/47 MP: 6/6
  1679 | D:3      | You fall into a shaft and drop 2 floors!
  1679 | D:5      | Entered Level 5 of the Dungeon
  1718 | D:5      | Found a white marble altar of Elyvilon.
  1788 | D:4      | Noticed Edmund
  2072 | D:3      | Reached XP level 6. HP: 53/53 MP: 8/8
  2163 | D:3      | Found a glowing silver altar of Zin.
  2357 | D:4      | Killed Edmund
  2357 | D:4      | Reached skill level 5 in Axes
  2486 | D:4      | Found a staircase to the Ecumenical Temple.
  2491 | Temple   | Entered the Ecumenical Temple
  2608 | Temple   | Became a worshipper of Cheibriados the Contemplative
  2850 | D:4      | Found a shattered altar of Ashenzari.
  3060 | D:4      | Reached XP level 7. HP: 52/59 MP: 10/10
  3882 | D:5      | Got an ichor-stained battleaxe
  3900 | D:5      | Identified the +3 battleaxe "Kamaufu" {speed, Stlth+} (You
                  | found it on level 5 of the Dungeon)
  3974 | D:5      | Reached XP level 8. HP: 66/67 MP: 9/12
  4038 | D:5      | Found a burning altar of Makhleb.
  4626 | D:6      | Reached * piety under Cheibriados
  4717 | D:6      | Noticed Grinder
  4729 | D:6      | Paralysed by Grinder for 2 turns
  4746 | D:6      | Paralysed by Grinder for 2 turns
  4761 | D:6      | Paralysed by Grinder for 3 turns
  4768 | D:6      | HP: 3/67 [Grinder/nerve-wracking pain (8)]
  4771 | D:6      | Killed Grinder
  5298 | D:6      | Reached XP level 9. HP: 39/72 MP: 14/14
  6244 | D:6      | Found a shimmering blue altar of Sif Muna.
  6302 | D:6      | Identified Sif Muna's Handbook of Unholy Magic
  6608 | D:7      | Reached ** piety under Cheibriados
  7171 | D:7      | Reached skill level 5 in Invocations
  7537 | D:8      | Reached XP level 10. HP: 26/80 MP: 17/17
  7985 | D:8      | Reached *** piety under Cheibriados
  8154 | D:8      | Reached skill level 5 in Short Blades
  8154 | D:8      | Reached skill level 5 in Long Blades
  8154 | D:8      | Reached skill level 5 in Maces & Flails
  8154 | D:8      | Reached skill level 5 in Polearms
  8154 | D:8      | Reached skill level 5 in Staves
  8154 | D:8      | Reached skill level 5 in Slings
  8154 | D:8      | Reached skill level 5 in Bows
  8154 | D:8      | Reached skill level 5 in Crossbows
  8154 | D:8      | Reached skill level 5 in Throwing
  8154 | D:8      | Reached skill level 5 in Dodging
  8154 | D:8      | Reached skill level 5 in Stealth
  8154 | D:8      | Reached skill level 5 in Unarmed Combat
  8154 | D:8      | Reached skill level 5 in Spellcasting
  8154 | D:8      | Reached skill level 5 in Evocations
  8698 | D:9      | Noticed a green ugly thing
  8968 | D:9      | Killed a green ugly thing
  9156 | D:9      | Got an ancient chain mail
  9166 | D:9      | Identified the cursed +0 chain mail of the Dwarven Hall
                  | {Str+5 Int-4} (You found it on level 9 of the Dungeon)
  9211 | D:9      | Reached **** piety under Cheibriados
  9635 | D:9      | Found a hazy altar of Hepliaklqana.
  9636 | D:9      | Found a shimmering altar of Xom.
  9637 | D:9      | Noticed a spectral ugly thing
  9640 | D:9      | Identified the Handbook of Shape Shifting and Companions
 10001 | D:9      | Found a staircase to the Lair.
 10022 | Lair:1   | Entered Level 1 of the Lair of Beasts
 10295 | D:9      | Reached XP level 11. HP: 48/87 MP: 19/19
 10584 | Lair:1   | Noticed Nergalle
 10606 | Lair:1   | Killed Nergalle
 10724 | Lair:1   | Reached skill level 5 in Conjurations
 10724 | Lair:1   | Reached skill level 5 in Hexes
 10724 | Lair:1   | Reached skill level 5 in Charms
 10724 | Lair:1   | Reached skill level 5 in Summonings
 10724 | Lair:1   | Reached skill level 5 in Necromancy
 10724 | Lair:1   | Reached skill level 5 in Translocations
 10724 | Lair:1   | Reached skill level 5 in Transmutations
 10724 | Lair:1   | Reached skill level 5 in Fire Magic
 10724 | Lair:1   | Reached skill level 5 in Ice Magic
 10724 | Lair:1   | Reached skill level 5 in Air Magic
 10724 | Lair:1   | Reached skill level 5 in Earth Magic
 10724 | Lair:1   | Reached skill level 5 in Poison Magic
 10740 | Lair:1   | HP: 2/89 [blink frog (5)]
 10740 | Lair:1   | Slain by a blink frog

Illustrated notes

Levels and vault maps discovered:
D:1:      saegor_arrival_fortress, layout_rooms
D:2:      layout_loops_cross, tgw_kikubaaqudgha
D:3:      layout_basic, lemuel_round_altar, serial_undead, serial_undead_d,
          serial_undead_a, serial_undead_c, serial_undead_a
D:4:      layout_basic, cheibrodos_ashenzari_chains, temple_doors_e,
          first_ration, minmay_misc_feat_rows, uniq_edmund
D:5:      layout_basic, marbit_many_paths, chequers_garden, serial_bayou_ford_a,
          elyvilon_altar_1
D:6:      layout_basic, led_sif_book, uniq_grinder
D:7:      layout_loops_ring
D:8:      layout_cave_pools
D:9:      layout_loops_ring, regret_index_temple_of_mockery, lair_entry_dummy
Temple:   nicolae_temple_elliptical
Lair:1:   layout_gridlike, lemuel_another_geyser, lemuel_fruit_tree,
          uniq_nergalle

Skill      XL: |  1  2  3  4  5  6  7  8  9 10 11 |
---------------+----------------------------------+-----
Invocations    | 1 2 3 4 5 6 |  6.6
Short Blades   | 1 2 3 4 5 6 |  6.0
Long Blades    | 1 2 3 4 5 6 |  6.0
Maces & Flails | 1 2 3 4 5 6 |  6.0
Polearms       | 1 2 3 4 5 6 |  6.0
Staves         | 1 2 3 4 5 6 |  6.0
Slings         | 1 2 3 4 5 6 |  6.0
Bows           | 1 2 3 4 5 6 |  6.0
Crossbows      | 1 2 3 4 5 6 |  6.0
Throwing       | 1 2 3 4 5 6 |  6.0
Dodging        | 1 2 3 4 5 6 |  6.0
Stealth        | 1 2 3 4 5 6 |  6.0
Unarmed Combat | 1 2 3 4 5 6 |  6.0
Spellcasting   | 1 2 3 4 5 6 |  6.0
Evocations     | 1 2 3 4 5 6 |  6.0
Conjurations   | 1 2 3 4 5 |  5.0
Hexes          | 1 2 3 4 5 |  5.0
Charms         | 1 2 3 4 5 |  5.0
Summonings     | 1 2 3 4 5 |  5.0
Necromancy     | 1 2 3 4 5 |  5.0
Translocations | 1 2 3 4 5 |  5.0
Transmutations | 1 2 3 4 5 |  5.0
Fire Magic     | 1 2 3 4 5 |  5.0
Ice Magic      | 1 2 3 4 5 |  5.0
Air Magic      | 1 2 3 4 5 |  5.0
Earth Magic    | 1 2 3 4 5 |  5.0
Poison Magic   | 1 2 3 4 5 |  5.0
Axes           | 5 6 7 |  7.7
Fighting       | 7 8 9 |  9.0
Armour         | 7 8 9 |  9.0
Shields        | 7 8 9 |  9.0

Action                   |  1- 3 |  4- 6 |  7- 9 | 10-12 || total
-------------------------+-------+-------+-------+-------++-------
Melee: War axe           |    64 |       |       |       ||    64
       Bite              |    11 |    24 |    54 |    63 ||   152
       Whip              |    26 |   259 |   229 |       ||   514
       Battleaxe         |       |       |     2 |       ||     2
       Scimitar          |       |       |   103 |       ||   103
       Mace              |       |       |    93 |   295 ||   388
       Dire flail        |       |       |     7 |       ||     7
Throw: Dart              |       |     2 |    21 |    20 ||    43
Invok: Bend Time         |       |       |     3 |     1 ||     4
 Abil: Evoke Flight      |       |       |     1 |       ||     1
  Use: Scroll            |       |       |       |    15 ||    15
       Potion            |       |       |       |     3 ||     3
  Eat: Chunk             |       |     5 |    10 |     2 ||    17
       Ration            |       |     1 |       |     1 ||     2
Armor: Scale mail        |    43 |     5 |       |       ||    48
       Chain mail        |       |   138 |   155 |    84 ||   377
Dodge: Dodged            |    25 |    93 |   117 |   114 ||   349
Block: Kite shield       |    64 |   178 |   337 |   376 ||   955
       Reflection        |       |       |     8 |    10 ||    18
       Other             |       |       |     4 |       ||     4
       Rpst.: Scimitar   |       |       |     7 |       ||     7
